 Dungeon Crawl Stone Soup version 0.27-a0-1191-g601b473118 (webtiles) character file.

Game seed: 6864334080000355811

22376 rageheart7 the Basher (level 12, -14/103 HPs)
             Began as a Palentonga Berserker on May 24, 2021.
             Was a High Priest of Trog.
             Demolished by Agnes
             ... wielding a +3 lajatang of electrocution
              (19 damage)
             ... on level 13 of the Dungeon.
             The game lasted 00:27:22 (17674 turns).

rageheart7 the Basher (Palentonga Berserker)       Turns: 17674, Time: 00:27:22

Health: -14/103    AC: 20    Str: 24    XL:     12   Next: 62%
Magic:  10/10      EV:  9    Int: 10    God:    Trog [*****.]
Gold:   910        SH:  0    Dex: 15    Spells: 11/11 levels left

rFire    . . .     SeeInvis +   C - +3 dire flail (vorpal)
rCold    . . .     Faith    +   (shield currently unavailable)
rNeg     + . .     Spirit   .   u - +2 ring mail {rN+}
rPois    .         Reflect  .   (helmet restricted)
rElec    .         Harm     .   b - +0 cloak
rCorr    .         Rampage  .   G - +1 pair of gloves
Will     +....                  (no barding)
Stlth    +.........             j - amulet of faith
HPRegen  0.27/turn              v - +6 ring of dexterity
MPRegen  0.12/turn              (no ring)

@: about to teleport, spiked, curled up
A: large, rugged brown scales 3, see invisible, deformed body, roll 1, armoured
tail, reflexive curl, horns 1, low mp 1, strong-willed 1
a: Rolling Charge, Renounce Religion, Berserk, Trog's Hand, Brothers in Arms


You were on level 13 of the Dungeon.
You worshipped Trog.
Trog was extremely pleased with you.
You visited 2 branches of the dungeon, and saw 15 of its levels.

You collected 910 gold pieces.

Inventory:

Hand Weapons
 m - a +2 dire flail of flaming
 C - a +3 vorpal dire flail (weapon)
Missiles
 s - 5 boomerangs of dispersal
Armour
 b - a +0 cloak (worn)
 n - a +0 buckler of protection
 p - a +0 troll leather armour
 u - a +2 ring mail of positive energy (worn)
 y - a +0 tower shield
 G - a +1 pair of gloves (worn)
Jewellery
 j - an amulet of faith (around neck)
 t - an amulet of reflection
 v - a +6 ring of dexterity (left hand)
Wands
 q - a wand of acid (19)
 w - a wand of mindburst (19)
Scrolls
 l - a scroll of fear
 o - 2 scrolls of teleportation
 r - a scroll of enchant weapon
 x - 4 scrolls of identify
 E - 3 scrolls of immolation
Potions
 a - 2 potions of flight
 c - 4 potions of might
 e - 2 potions of invisibility
 f - a potion of haste
 g - 6 potions of curing
 h - 2 potions of magic
 i - 3 potions of heal wounds
 k - a potion of ambrosia
 z - 2 potions of resistance


   Skills:
 - Level 10.0 Fighting
 - Level 14.0 Maces & Flails
 + Level 8.9 Armour
 - Level 1.5 Dodging
 + Level 6.6 Shields


You had 11 spell levels left.
You didn't know any spells.
Your spell library was empty.

Dungeon Overview and Level Annotations

Branches:
Dungeon (14/15)            Temple (1/1) D:4            Lair (0/6) D:9
    Orc (0/2) D:10
 Vaults: D:13-14

Altars:
Fedhas
Hepliaklqana
Nemelex Xobeh
Okawaru
Qazlal
Uskayaw
Vehumet
Yredelemnul
The Shining One

Shops:
D:11 *

Annotations:
D:5 3 runed translucent doors, AtomicRavioli's ghost, novice GnFi
D:13 Agnes


Innate Abilities, Weirdness & Mutations

You are completely covered in rugged brown scales. (AC +3, +7% HP)
You have supernaturally acute eyesight. (SInv)
Armour fits poorly on your strangely shaped body.
You can roll at nearby foes to attack.
You have a long armoured tail.
You curl defensively after being hit.
You have a pair of small horns on your head.
Your magical capacity is low. (-10% MP)
You are strong-willed. (Will+)


Message History

The barbed spikes dig painfully into your body as you move.
You climb upwards.
There is a stone staircase leading down here.
You start resting.
You carefully extract the barbed spikes from your body.
You start resting.
HP restored.
You climb downwards.
Level annotation: Agnes A centaur comes into view.
Agnes hits you with a +3 lajatang of electrocution!
The centaur wields a +0 shortbow.
The centaur shoots an arrow.
The arrow barely misses you.
Agnes hits you with a +3 lajatang of electrocution.
The deep elf pyromancer gestures at you while chanting.
The bolt of fire misses you.
The manticore flicks its tail.
The volley of spikes hits you!
The barbed spikes become lodged in your body.
Agnes closely misses you.
There is a stone staircase leading up, spattered with blood here.
The barbs in your skin will harm you if you move.
Continue?
Agnes hits you with a +3 lajatang of electrocution!
The centaur shoots an arrow.
The arrow barely misses you.
The manticore flicks its tail.
The volley of spikes hits you but does no damage.
Agnes hits you with a +3 lajatang of electrocution!!
You are electrocuted!
The barbed spikes dig painfully into your body as you move.
You climb upwards.
There is a stone staircase leading down here.
As you read the scroll of fear, it crumbles to dust.
You assume a fearsome visage.
Agnes resists with almost no effort.
Agnes barely misses you.
As you read the scroll of teleportation, it crumbles to dust.
You feel strangely unstable.
Agnes hits you with a +3 lajatang of electrocution!!
* * * LOW HITPOINT WARNING * * *
You are electrocuted!!
You die...

.####......#..#######'###
....#......#.......#....#
##..#......#.......#....#
.#.........#.......#....#
.#......#..#^.#....>....#
.'......#.....#.........#
.#......#.....#....######
##......#.....#....'....#
.#..#####.#####.@..#....#
.'.....#..#....i...######
##.....#..#.............#
.#..#..#..#.............#
....#..#..#.............#
##.....#..#####..<......#
.#.....#..#...#....#....#
.#.....#..#...#....+....#
.#.....#..##'##....#....#


You could see Agnes.

Vanquished Creatures
  2 hydras
  A catoblepas (D:13)
  A centaur warrior (D:13)
  4 two-headed ogres
  Erica (D:10)
  2 deep elf pyromancers
  A manticore (D:13)
  A cyclops (D:10)
  Maurice (D:8)
  A gargoyle (D:10)
  Maggie (D:8)
  4 kobold demonologists (D:11)
  Psyche (D:10)
  An unseen horror (D:11)
  A komodo dragon (D:11)
  6 trolls
  6 slime creatures
  An air elemental (D:11)
  3 shadows
  2 wraiths
  A water elemental (D:11)
  3 wyverns (D:9)
  14 yaks
  A fire elemental (D:11)
  A basilisk (D:13)
  4 vampire mosquitoes
  2 steam dragons
  An acid dragon (D:12)
  3 water moccasins (D:9)
  Duvessa (D:7)
  An ice beast (D:6)
  6 orc warriors
  2 ogres
  3 centaurs
  A kobold brigand (D:12)
  2 scorpions
  5 bullfrogs
  3 gnoll sergeants
  An earth elemental (D:11)
  Dowan (D:7)
  3 killer bees (D:9)
  9 wights
  2 howler monkeys (D:8)
  3 centaur zombies
  2 hounds
  8 orc priests
  A jelly (D:5)
  A gnoll shaman (D:6)
  2 iguanas
  17 orc wizards
  2 killer bee zombies
  2 howler monkey zombies
  21 gnolls
  4 adders
  7 river rats (D:6)
  2 ufetubi
  2 worms
  5 dart slugs
  66 orcs
  10 ball pythons
  6 bats
  6 endoplasms
  12 giant cockroaches
  7 goblins
  6 hobgoblins
  11 jackals
  12 quokkas
  7 frilled lizards
  8 kobolds
  20 rats
361 creatures vanquished.

Vanquished Creatures (collateral kills)
  Josephine (D:12)
  A two-headed ogre (D:12)
  3 wraiths (D:12)
5 creatures vanquished.

Vanquished Creatures (others)
  3 bushes (D:9)
  4 fungi (D:9)
  20 plants (D:9)
27 creatures vanquished.

Grand Total: 393 creatures vanquished

Notes
Turn   | Place    | Note
-------+----------+-------------------------------------------
     0 | D:1      | rageheart7 the Palentonga Berserker began the quest for the
                  | Orb.
     0 | D:1      | Reached XP level 1. HP: 19/19 MP: 1/1
   187 | D:1      | Reached XP level 2. HP: 20/25 MP: 2/2
   629 | D:1      | Reached XP level 3. HP: 31/31 MP: 3/3
   656 | D:1      | Reached ** piety under Trog
  1234 | D:2      | Reached skill level 4 in Maces & Flails
  1394 | D:2      | Reached XP level 4. HP: 34/39 MP: 4/4
  2616 | D:3      | Reached XP level 5. HP: 46/46 MP: 5/5
  2842 | D:3      | Reached *** piety under Trog
  3006 | D:3      | Gained mutation: You are strong-willed. (Will+) [potion of
                  | mutation]
  3006 | D:3      | Gained mutation: You have a pair of small horns on your
                  | head. [potion of mutation]
  3006 | D:3      | Gained mutation: Your magical capacity is low. (-10% MP)
                  | [potion of mutation]
  3350 | D:4      | Reached skill level 5 in Fighting
  3350 | D:4      | Reached skill level 5 in Maces & Flails
  3735 | D:4      | Found a staircase to the Ecumenical Temple.
  3735 | D:4      | Noticed an ogre
  3748 | D:4      | Killed an ogre
  3749 | D:4      | Reached XP level 6. HP: 54/54 MP: 5/5
  3972 | D:4      | Reached **** piety under Trog
  4347 | Temple   | Entered the Ecumenical Temple
  4361 | D:5      | Entered Level 5 of the Dungeon
  4700 | D:5      | Reached skill level 6 in Maces & Flails
  4700 | D:5      | Gained mutation: You curl defensively after being hit.
                  | [Palentonga growth]
  4700 | D:5      | Reached XP level 7. HP: 43/62 MP: 6/6
  4708 | D:5      | HP: 4/93 [iguana (14)]
  5004 | D:5      | Noticed AtomicRavioli's ghost (novice GnFi)
  5005 | D:5      | Found a runed translucent gate.
  5007 | D:5      | Found a runed translucent gate.
  5009 | D:5      | Found a runed translucent gate.
  5209 | D:5      | Found an iron altar of Okawaru.
  5211 | D:5      | Found a basalt altar of Yredelemnul.
  5212 | D:5      | Found a hide-covered altar of Uskayaw.
  5221 | D:5      | Found a radiant altar of Vehumet.
  5224 | D:5      | Found a sparkling altar of Nemelex Xobeh.
  5809 | D:6      | Reached skill level 7 in Maces & Flails
  6065 | D:6      | Noticed a steam dragon
  6073 | D:6      | Killed a steam dragon
  6074 | D:6      | Reached XP level 8. HP: 71/71 MP: 7/7
  6356 | D:6      | Reached ***** piety under Trog
  6610 | D:6      | Reached skill level 8 in Maces & Flails
  7427 | D:7      | Noticed Dowan
  7432 | D:7      | Noticed Duvessa
  7438 | D:7      | Killed Dowan
  7446 | D:7      | Killed Duvessa
  7610 | D:7      | Received a gift from Trog
  7778 | D:7      | Reached XP level 9. HP: 80/80 MP: 8/8
  7898 | D:7      | Reached skill level 9 in Maces & Flails
  8772 | D:8      | Noticed Maurice
  8953 | D:8      | Killed Maurice
  9143 | D:8      | Noticed Maggie
  9153 | D:8      | Killed Maggie
  9154 | D:8      | Reached skill level 10 in Fighting
  9154 | D:8      | Reached skill level 10 in Maces & Flails
  9267 | D:8      | Reached XP level 10. HP: 90/90 MP: 9/9
  9723 | D:8      | Reached skill level 11 in Maces & Flails
  9969 | D:9      | Found a stormy altar of Qazlal.
 10180 | D:9      | Found a hazy altar of Hepliaklqana.
 10702 | D:9      | Reached ****** piety under Trog
 10702 | D:9      | Received a gift from Trog
 10712 | D:9      | Reached skill level 5 in Armour
 10749 | D:9      | Reached skill level 12 in Maces & Flails
 11052 | D:9      | Found a staircase to the Lair.
 11300 | D:10     | Entered Level 10 of the Dungeon
 11347 | D:10     | Found a blossoming altar of Fedhas.
 11396 | D:10     | Noticed a cyclops
 11409 | D:10     | Killed a cyclops
 11410 | D:10     | Reached XP level 11. HP: 96/96 MP: 9/9
 11435 | D:10     | Noticed a two-headed ogre
 11440 | D:10     | Killed a two-headed ogre
 11441 | D:10     | Reached skill level 1 in Shields
 11811 | D:10     | Identified the +4 spear of Circularity {vorpal, Fragile
                  | +Rage rC+}
 11890 | D:10     | Noticed Erica
 11903 | D:10     | Killed Erica
 12376 | D:10     | Found a staircase to the Orcish Mines.
 12409 | D:10     | Reached skill level 13 in Maces & Flails
 12638 | D:10     | Noticed Psyche
 12644 | D:10     | Killed Psyche
 12768 | D:10     | Found a glowing golden altar of the Shining One.
 13647 | D:11     | Found Dantyraji's Assorted Antiques.
 13647 | D:11     | Noticed a two-headed ogre
 13654 | D:11     | Killed a two-headed ogre
 13821 | D:11     | Found a large runed translucent door.
 13822 | D:11     | Found a large runed translucent door.
 14220 | D:12     | Noticed a four-headed hydra
 14230 | D:11     | Noticed a sixfirhy
 14235 | D:11     | Received a gift from Trog
 14244 | D:12     | Noticed a deep elf pyromancer
 14524 | D:12     | Noticed a two-headed ogre
 14533 | D:12     | Killed a two-headed ogre
 14554 | D:12     | Noticed a two-headed ogre
 14821 | D:11     | Killed a four-headed hydra
 14822 | D:11     | Reached skill level 14 in Maces & Flails
 14861 | D:12     | Killed a two-headed ogre
 14862 | D:12     | Reached XP level 12. HP: 34/103 MP: 10/10
 14865 | D:12     | Noticed Josephine
 14880 | D:12     | Killed Josephine
 15447 | D:12     | Reached skill level 5 in Shields
 15864 | D:13     | Noticed a catoblepas
 15870 | D:13     | Killed a catoblepas
 16547 | D:13     | Noticed an eight-headed hydra
 16581 | D:13     | Killed an eight-headed hydra
 16920 | D:13     | Noticed a centaur warrior
 16932 | D:13     | Killed a centaur warrior
 17372 | D:14     | Noticed a two-headed ogre
 17384 | D:14     | Killed a two-headed ogre
 17565 | D:14     | Noticed Agnes
 17671 | D:14     | Noticed a centaur warrior
 17674 | D:13     | HP: 5/103 [Agnes/+3 lajatang of electrocution (32)]
 17674 | D:13     | Demolished by Agnes

Illustrated notes

Levels and vault maps discovered:
D:1:      eino_arrival_cavern_a, layout_basic, serial_park_tiny_pond
D:2:      minmay_roachtagon, layout_basic
D:3:      layout_basic, minmay_misc_feat_enclosed, bh_walls_and_bars
D:4:      layout_cave_pods, temple_fountains
D:5:      layout_loops_ring, minmay_overflow_temple_star_hex,
          gammafunk_ghost_split
D:6:      lemuel_ratsnest, layout_basic, small_statue_intersection,
          chequers_arboretum, serial_bayou_crossing
D:7:      layout_gridville, uniq_duvessa
D:8:      layout_loops_corners, minmay_puff, uniq_maggie, uniq_maurice
D:9:      layout_long_grid, nicolae_overflow_crystal_walls, lemuel_doored_altar,
          minmay_lair_entry_grove
D:10:     layout_roguey, fedhas_altar_4, nicolae_tso_swordbearing_angel,
          hiddenorc1_lemuel, kennysheep_island_fort, uniq_psyche, uniq_erica
D:11:     layout_roguey, serial_shops, shop, lightli_elemental_guards
D:12:     layout_cave_pools, drop_trap, uniq_josephine
D:13:     layout_grid_maze
D:14:     layout_rooms, david_vaults_4, minmay_hedge_maze, uniq_agnes,
          uniq_azrael
Temple:   nicolae_temple_figure_eight

Skill      XL: |  1  2  3  4  5  6  7  8  9 10 11 12 |
---------------+-------------------------------------+-----
Maces & Flails | 4 5 6 7 8 10 12 14 | 14.0
Fighting       | 4 5 6 7 8 10 | 10.0
Armour         | 3 5 7 8 |  8.9
Shields        | 4 6 |  6.6
Dodging        | |  1.5

Action                   |  1- 3 |  4- 6 |  7- 9 | 10-12 || total
-------------------------+-------+-------+-------+-------++-------
Melee: Mace              |   122 |    28 |       |       ||   150
       Tailslap          |    18 |    13 |    31 |    56 ||   118
       Flail             |       |    12 |       |       ||    12
       Whip              |       |    96 |   326 |   293 ||   715
       Headbutt          |       |    16 |    48 |   114 ||   178
       Dire flail        |       |       |       |   160 ||   160
Invok: Berserk           |       |     4 |    10 |    14 ||    28
       Trog's Hand       |       |       |     1 |     3 ||     4
       Brothers in Arms  |       |       |       |     3 ||     3
 Abil: Rolling Charge    |       |     2 |    10 |     7 ||    19
  Use: Scroll            |       |     6 |     5 |    12 ||    23
       Potion            |       |     3 |     4 |     3 ||    10
Armor: Animal skin       |    43 |       |       |       ||    43
       Ring mail         |    30 |    39 |     4 |   131 ||   204
       Scale mail        |       |       |    96 |       ||    96
Dodge: Dodged            |    60 |    56 |    65 |   141 ||   322

Table legend: (Time is in decaauts)
 A = Elapsed time spent in this place.
 B = Non-inter-level travel time spent in this place.
 C = Inter-level travel time spent in this place.
 D = Time resting spent in this place.
 E = Time spent auto-exploring this place.
 F = Levels seen in this place.
 G = Mean time per level.
                   A        B        C        D        E       F      G
               +--------+--------+--------+--------+--------+-----+--------+
         Total |  17701 |  17145 |    556 |   1053 |  13958 |  15 | 1180.1 |
       Dungeon |  17699 |  17143 |    556 |   1053 |  13958 |  14 | 1264.2 |
        Temple |      1 |      1 |      0 |      0 |      0 |   1 |    1.0 |
               +--------+--------+--------+--------+--------+-----+--------+

Top non-repeatable levels by time:
    D:13: 1900 daAuts
    D:10: 1890 daAuts
    D:11: 1834 daAuts
     D:8: 1509 daAuts
     D:6: 1507 daAuts
     D:7: 1441 daAuts
     D:9: 1286 daAuts
     D:3: 1175 daAuts
     D:2: 1175 daAuts
     D:5: 1127 daAuts
     D:4: 1044 daAuts
     D:1: 1030 daAuts
    D:12: 739 daAuts
    D:14: 36 daAuts
  Temple: 1 daAuts
